 Seeded DCSS version 0.32-a0-468-g38b2580584 (webtiles) character file.

Game seed: 7220356206648857820 (custom seed)

11 CInkIbrahim the Slasher (level 2, 22/22 HPs)
             Began as a Coglin Gladiator on Feb 25, 2024.
             Quit the game on level 2 of the Dungeon.
             The game lasted 00:00:26 (573 turns).

CInkIbrahim the Slasher (Coglin Gladiator)           Turns: 573, Time: 00:00:26

Health: 22/22      AC:  4    Str: 14    XL:     2   Next: 25%
Magic:  2/2        EV: 12    Int:  7    God:
Gold:   55         SH:  0    Dex: 15    Spells: 1/1 levels left

rFire   . . .        a - +0 long sword {Salvador}
rCold   . . .        (no shield)
rNeg    . . .        b - +0 leather armour
rPois   .            c - +0 helmet
rElec   .            (no cloak)
rCorr   .            (no gloves)
SInv    .            (no boots)
Will    .....        (no amulet)
Stlth   +            (ring unavailable)
HPRegen 0.23/turn    (ring unavailable)
MPRegen 0.08/turn

%: no passive effects
@: no status effects
A: off-hand wielding, slow wielding, warmup strikes, no rings
a: no special abilities


You were on level 2 of the Dungeon.
You visited 1 branch of the dungeon, and saw 2 of its levels.

You collected 55 gold pieces.

Inventory:

Hand Weapons
 a - a +0 long sword (weapon) {Salvador}
Missiles
 d - 3 throwing nets (quivered)
 e - a javelin
Armour
 b - a +0 leather armour (worn)
 c - a +0 helmet (worn)
Scrolls
 f - a scroll of vulnerability {unknown}
 k - a scroll of acquirement
Potions
 g - a potion of degeneration {unknown}
 h - 2 potions of invisibility {unknown}
 i - a potion of enlightenment {unknown}
 j - a potion of might {unknown}


   Skills:
 - Level 2.0 Fighting
 + Level 3.6 Long Blades
 - Level 1.7 Throwing
 - Level 2.6 Dodging


You had one spell level left.
You didn't know any spells.
Your spell library contained the following spells:

 Spells                   Type           Power      Damage    Failure   Level
 Dazzling Flash           Conj/Hex       0%         N/A       87%         3
 Volatile Blastmotes      Fire/Tloc      0%         2d10      87%         3
 Starburst                Conj/Fire      0%         6d3       100%        6
 Maxwell's Capacitive Co  Air            0%         ∞         100%        8


Dungeon Overview and Level Annotations

Branches:
Dungeon (2/15)

Altars:


Innate Abilities, Weirdness & Mutations

You can wield a second weapon in your off-hand.
It takes a long time for you to wield or remove held weapons.
Your first few attacks do less damage.
Your grasper-arms cannot wear rings.


Message History

No target in view!
j - an orange potion No target in view!
You see here an orb of light.
No target in view!
You now have 55 gold pieces (gained 10).
You open the door.
There is an open door here.
Done exploring.
No target in view!
Done exploring.
No target in view!
Done exploring.
No target in view!
Done exploring.
No target in view!
Done exploring.
No target in view!
Done exploring.
No target in view!
Done exploring.
No target in view!
Done exploring.
No target in view!
Done exploring.
No target in view!
Done exploring.
No target in view!
Done exploring.
No target in view!
There is a stone staircase leading down here.
You climb downwards.
Found 3 scrolls labelled JETOCU TUKUZI.
There is a stone staircase leading up here.
k - 3 scrolls labelled JETOCU TUKUZI No target in view!
This is a scroll of acquirement!
Something appears at your feet! Something appears at your feet!
Are you sure you want to abandon this character and quit the game? (Confirm with "yes".)

##+##
##...##
##.....##
##.......##
#.....<...#
+.........+
#.........#
##.....@.##
##.....##
##...##
##+##


There were no monsters in sight!

Vanquished Creatures
  A dart slug (D:1)
  2 endoplasms (D:1)
  2 quokkas (D:1)
  A ball python (D:1)
  3 frilled lizards (D:1)
9 creatures vanquished.

Notes
Turn   | Place    | Note
-------+----------+-------------------------------------------
     0 | D:1      | CInkIbrahim the Coglin Gladiator began the quest for the
                  | Orb.
     0 | D:1      | Reached XP level 1. HP: 16/16 MP: 1/1
   278 | D:1      | Found a faded altar of an unknown god.
   319 | D:1      | Reached XP level 2. HP: 19/22 MP: 2/2
   571 | D:2      | Identified 3 scrolls of acquirement
   571 | D:2      | Acquired the +1 helmet of Ru, Muttering {Will+ Int+3 Dex+2}
   572 | D:2      | Acquired 1097 gold pieces
   573 | D:2      | Quit the game

Illustrated notes

Levels and vault maps discovered:
D:1:      psy_arrival_whirlpool, layout_basic,
          shapermc_ecumenical_altar_starsandcircs, minmay_strange_pillars
D:2:      kennysheep_big_flooded_room, layout_loops_corners, minmay_cut_off

Action                     || total
---------------------------++-------
  Melee: Long sword        ||    18
    Use: Scroll            ||     2
 Armour: Leather armour    ||    11
  Dodge: Dodged            ||     5

Table legend: (Time is in decaauts)
 A = Elapsed time spent in this place.
 B = Non-inter-level travel time spent in this place.
 C = Inter-level travel time spent in this place.
 D = Time resting spent in this place.
 E = Time spent auto-exploring this place.
 F = Levels seen in this place.
 G = Mean time per level.
                   A        B        C        D        E       F      G
               +--------+--------+--------+--------+--------+-----+--------+
         Total |    578 |    568 |     10 |      0 |    496 |   2 |  289.0 |
       Dungeon |    578 |    568 |     10 |      0 |    496 |   2 |  289.0 |
               +--------+--------+--------+--------+--------+-----+--------+

Top non-repeatable levels by time:
     D:1: 572 daAuts
     D:2: 6 daAuts
